 Dungeon Crawl Stone Soup version 0.29.0-7-g18a832c13a (webtiles) character file.

Game seed: 8348997213720716944

36600 SensoryNuts the Fencer (level 13, 0/103 HPs)
             Began as a Demonspawn Fighter on Aug 31, 2022.
             Shot with an arrow by Nessos (3 damage)
             ... on level 5 of the Lair of Beasts.
             The game lasted 00:25:14 (23524 turns).

SensoryNuts the Fencer (Demonspawn Fighter)        Turns: 23524, Time: 00:25:14

Health: 0/103      AC: 27    Str: 23    XL:     13   Next: 53%
Magic:  13/13      EV:  8    Int: 10    God:
Gold:   1620       SH:  7    Dex: 23    Spells: 12/12 levels left

rFire   . . .      SeeInvis .   e - +2 scimitar (flame)
rCold   . . .      Faith    .   c - +0 buckler
rNeg    . . .      Spirit   .   j - +2 plate armour
rPois   .          Reflect  .   (helmet restricted)
rElec   .          Harm     .   D - +2 cloak {rCorr}
rCorr   +          Rampage  .   t - +0 pair of gloves
Will    .....                   h - +0 pair of boots
Stlth   ..........              (no amulet)
HPRegen 0.27/turn               B - +6 ring of strength
MPRegen 0.13/turn               r - +6 ring of dexterity

@: lethally poisoned (0 -> -53)
A: horns 2, yellow scales 3, powered by pain 3, spiny 1
a: no special abilities


You were on level 5 of the Lair of Beasts.
You visited 4 branches of the dungeon, and saw 18 of its levels.
You also visited: Ossuary.

You collected 1710 gold pieces.
You spent 90 gold pieces at shops.

Inventory:

Hand Weapons
 e - a +2 scimitar of flaming (weapon)
 f - the +8 double sword of Qadosorono {protect, Fly SInv}
   (You acquired it on level 3 of the Lair of Beasts)

   It grants its wielder temporary protection when it strikes (+7 to AC).
   SInv:      It lets you see invisible.
   Fly:       It grants you flight.
Missiles
 v - 3 throwing nets
Armour
 c - a +0 buckler (worn)
 h - a +0 pair of boots (worn)
 j - a +2 plate armour (worn)
 t - a +0 pair of gloves (worn)
 D - a +2 cloak of preservation (worn)
Jewellery
 b - a ring of protection from fire
 g - a ring of poison resistance
 i - a ring of magical power
 r - a +6 ring of dexterity (right hand)
 x - a ring of positive energy
 z - a +6 ring of intelligence
 B - a +6 ring of strength (left hand)
 C - a ring of resist corrosion
 F - a ring of willpower
Wands
 d - a wand of flame (32) (quivered)
 y - a wand of charming (15)
 A - a wand of iceblast (40)
 J - a wand of mindburst (6)
Scrolls
 n - 7 scrolls of teleportation
 o - 3 scrolls of poison
 q - a scroll of immolation
 u - 3 scrolls of identify
 w - 3 scrolls of amnesia
 I - a scroll of silence
 K - a scroll of brand weapon
Potions
 a - a potion of cancellation
 k - 5 potions of mutation
 l - 3 potions of resistance
 m - a potion of degeneration
 p - 4 potions of brilliance
 s - 2 potions of ambrosia
 E - 2 potions of lignification
 H - 2 potions of flight
 M - a potion of attraction


   Skills:
 + Level 9.9 Fighting
 * Level 15.2 Long Blades
 + Level 11.2 Armour
 + Level 1.7 Dodging
 + Level 1.6 Stealth
 + Level 7.1 Shields
 + Level 1.4 Evocations


You had 12 spell levels left.
You didn't know any spells.
Your spell library contained the following spells:

 Spells                   Type           Power      Damage    Failure   Level
 Apportation              Tloc           0%         N/A       99%         1
 Necrotise                Necr           0%         1d4       99%         1
 Sandblast                Erth           0%         2d4       99%         1
 Sting                    Tmut/Pois      0%         1d3       99%         1
 Passwall                 Tmut/Erth      0%         N/A       100%        2
 Poisonous Vapours        Pois/Air       0%         N/A       100%        2
 Scorch                   Fire           0%         2d5       100%        2
 Call Canine Familiar     Summ           0%         N/A       100%        3
 Portal Projectile        Hex/Tloc       0%         N/A       100%        3
 Stone Arrow              Conj/Erth      0%         3d7       100%        3
 Tukima's Dance           Hex            0%         N/A       100%        3
 Vampiric Draining        Necr           0%         2d6       100%        3
 Animate Armour           Summ/Erth      0%         N/A       100%        4
 Corpse Rot               Necr/Pois/Air  0%         N/A       100%        4
 Flame Wave               Conj/Fire      0%         2d4       100%        4
 Leda's Liquefaction      Hex/Erth       0%         N/A       100%        4
 Olgreb's Toxic Radiance  Pois           0%         N/A       100%        4
 Agony                    Necr           0%         N/A       100%        5
 Blade Hands              Tmut           0%         N/A       100%        5
 Fireball                 Conj/Fire      0%         3d3       100%        5
 Freezing Cloud           Conj/Ice/Air   0%         6-21      100%        5
 Iskenderun's Battlesphe  Conj           0%         2d6       100%        5
 Conjure Ball Lightning   Conj/Air       0%         3x3d6     100%        6
 Simulacrum               Ice/Necr       0%         N/A       100%        6
 Summon Cactus Giant      Summ           0%         N/A       100%        6
 Orb of Destruction       Conj           0%         9d5       100%        7
 Ozocubu's Refrigeration  Ice            0%         4d7       100%        7
 Ignition                 Fire           0%         3d3       100%        8
 Lehudib's Crystal Spear  Conj/Erth      0%         10d2      100%        8
 Polar Vortex             Ice            0%         N/A       100%        9


Dungeon Overview and Level Annotations

Branches:
Dungeon (11/15)            Temple (1/1) D:7            Lair (5/5) D:11
 Shoals (0/4) Lair:2       Spider (0/4) Lair:3        Slime (1/5) Lair:4
Ossuary (visited)
    Orc: D:9-12

Altars:
Ashenzari
Cheibriados
Dithmenos
Fedhas
Gozag
Hepliaklqana
Kikubaaqudgha
Makhleb
Nemelex Xobeh
Okawaru
Qazlal
Ru
Sif Muna
Trog
Uskayaw
Vehumet
Wu Jian
Xom
Yredelemnul

Shops:
D:1 ([([?   D:10 ?

Annotations:
Lair:5 Nessos


Innate Abilities, Weirdness & Mutations

You have a pair of horns on your head.
You are completely covered in yellow scales. (AC +4, rCorr)
You are powered by pain.
You are partially covered in sharp spines.


Message History

You block Nessos's attack. Nessos closely misses you.
Nessos is struck by your spines. Nessos hits you.
Nessos kicks you but does no damage. The cane toad is struck by your spines.
The cane toad stings you.
You hit Nessos. You burn Nessos. You headbutt Nessos.
Nessos is severely wounded.
You feel very sick. Nessos barely misses you.
Nessos kicks you but does no damage.
Nessos gestures wildly while chanting.
Nessos blinks!
Unknown command.
You feel very sick.
Nessos wields a +1 longbow of flaming.
It bursts into flame!
Nessos shoots an arrow.
The arrow hits you! The arrow burns you.
You block the cane toad's attack. x2; Nessos shoots an arrow.
The arrow hits you! The arrow burns you.
You are more poisoned.
You feel very sick.
Nessos intently looks at you, slowly moving their tail.
Nessos shoots an arrow.
The arrow hits you.
* * * LOW HITPOINT WARNING * * *
The arrow burns you.
You are lethally poisoned!
* * * LOW HITPOINT WARNING * * *
Nessos shoots an arrow.
The arrow hits you.
* * * LOW HITPOINT WARNING * * *
The arrow burns you.
You are more poisoned.
* * * LOW HITPOINT WARNING * * *
Okay, then.
Okay, then.
As you read the scroll labelled ACIVVO BYOD, it crumbles to dust.
You feel aware of your surroundings.
It was a scroll of magic mapping.
* * * LOW HITPOINT WARNING * * *
You feel extremely sick.
Nessos shoots an arrow.
The arrow hits you.
* * * LOW HITPOINT WARNING * * *
The arrow burns you.
You are more poisoned.
You die...

.#.....#..#.........,,,,,,,,,,**
.#....#..............c,,,,,,,,,**
......#...............,,,,,,,,,**
.........#...........,,,,,,,,,,,,
..................P#**,,,,,,,,,,,
.#.................##*,.,,,,,,,,,
#.....P...........#.#...,,,,,**,,
#......#................,*,,,***,
....|..#.##P..!F@.##,*,,,,*,,*,,,
............<......#*,,,,,,,,,,,,
.......................,,,,,*,,,,
..P.....................,,,,,,,,,
..รท#....................,,,,,,,,,
.###...#................,,,,,,,,,
..##...............#....,,*,,,,,,
.......P...#.......##...,**,,,,,,
..........#..,,,,,,,,*,,,,*,,,,,,


You could see Nessos (fast) and a cane toad.

Vanquished Creatures
  Snorg (D:10)
  An ogre mage (D:10)
  4 hydras (Lair:4)
  A boulder beetle (Lair:1)
  2 two-headed ogres
  Erica (D:8)
  3 death yaks (D:11)
  An orb spider (Lair:3)
  A lindwurm (Lair:3)
  The ghost of GloriousHammer the Nimble, a novice FeSu of Gozag (D:10)
  2 ugly things
  4 cyclopes (D:11)
  Joseph (D:7)
  Maurice (D:8)
  5 cane toads
  4 black mambas
  2 torpor snails
  3 rime drakes
  2 unseen horrors (D:10)
  4 komodo dragons
  3 polar bears
  A hornet (D:7)
  8 blink frogs
  6 dream sheep (Lair:4)
  A shadow (D:11)
  A wraith (D:11)
  3 vampires
  7 wyverns
  2 spriggans (D:10)
  49 yaks
  A basilisk (Lair:1)
  Edmund (D:5)
  An acid dragon (D:10)
  11 water moccasins
  4 orc warriors
  A sky beast (D:8)
  3 ice beasts
  A black bear (Lair:2)
  9 wolves
  3 centaurs
  10 bullfrogs
  A kobold brigand (D:9)
  An elf zombie (Ossuary)
  6 scorpions
  5 necrophages
  2 gnoll sergeants
  6 killer bees (D:10)
  An electric eel (Lair:4)
  9 howler monkeys
  A hound (D:5)
  6 jellies
  3 centaur zombies (Ossuary)
  2 orc priests
  5 iguanas
  11 orc wizards
  An ogre zombie (Ossuary)
  5 mummies (Ossuary)
  8 gnolls
  8 adders
  2 river rats (D:11)
  A white imp (D:6)
  2 ufetubi
  6 adder zombies (Ossuary)
  4 worms
  5 dart slugs
  30 orcs
  4 ball pythons
  12 endoplasms
  4 giant cockroaches
  9 goblins
  7 hobgoblins
  5 jackals
  17 kobolds
  6 quokkas
  3 bats
  2 frilled lizards
  3 goblin zombies (Ossuary)
  3 hobgoblin zombies (Ossuary)
  2 kobold zombies (Ossuary)
  2 orc zombies (Ossuary)
  2 quokka zombies (Ossuary)
  9 rats
  6 rat zombies (Ossuary)
397 creatures vanquished.

Vanquished Creatures (collateral kills)
  An ogre zombie (Ossuary)
  2 mummies (Ossuary)
3 creatures vanquished.

Vanquished Creatures (others)
  16 fungi
  58 plants
74 creatures vanquished.

Grand Total: 474 creatures vanquished

Notes
Turn   | Place    | Note
-------+----------+-------------------------------------------
     0 | D:1      | SensoryNuts the Demonspawn Fighter began the quest for the
                  | Orb.
     0 | D:1      | Reached XP level 1. HP: 18/18 MP: 1/1
   130 | D:1      | Found Laekiwut's Antique Weapon Shop.
   193 | D:1      | Reached skill level 2 in Long Blades
   193 | D:1      | Gained mutation: You sometimes gain a little power by
                  | taking damage. [demonic ancestry]
   193 | D:1      | Reached XP level 2. HP: 24/24 MP: 2/2
   214 | D:1      | Found a faded altar of an unknown god.
   243 | D:1      | Found Aqyruich's Magic Scroll Shop.
   253 | D:1      | Found Esozytua's Antique Armour Shoppe.
   665 | D:1      | Gained mutation: You sometimes gain power by taking damage.
                  | [demonic ancestry]
   665 | D:1      | Reached XP level 3. HP: 25/29 MP: 3/3
   845 | D:1      | Found Zeaneal's Antique Armour Boutique.
  1196 | D:1      | Found Fotzo's Antique Weapon Shoppe.
  1421 | D:2      | Reached skill level 3 in Long Blades
  1921 | D:2      | Reached XP level 4. HP: 30/35 MP: 4/4
  3440 | D:3      | Gained mutation: You are partially covered in yellow
                  | scales. (AC +2) [demonic ancestry]
  3440 | D:3      | Reached XP level 5. HP: 41/41 MP: 5/5
  3449 | D:3      | Reached skill level 4 in Long Blades
  3838 | D:4      | Found a bloodstained altar of Trog.
  4039 | D:4      | Found a blossoming altar of Fedhas.
  4460 | D:4      | Found an ornate altar of the Wu Jian Council.
  4460 | D:4      | Found a shimmering altar of Xom.
  4490 | D:5      | Entered Level 5 of the Dungeon
  4662 | D:5      | Noticed Edmund
  4679 | D:5      | Killed Edmund
  4680 | D:5      | Reached skill level 5 in Long Blades
  4680 | D:5      | Gained mutation: You have a pair of small horns on your
                  | head. [demonic ancestry]
  4680 | D:5      | Reached XP level 6. HP: 24/47 MP: 6/6
  5105 | D:5      | Reached XP level 7. HP: 25/53 MP: 7/7
  5302 | D:5      | Reached skill level 6 in Long Blades
  6097 | D:5      | Found a stormy altar of Qazlal.
  6836 | D:6      | Reached skill level 7 in Long Blades
  6836 | D:6      | Gained mutation: You are partially covered in sharp spines.
                  | [demonic ancestry]
  6836 | D:6      | Reached XP level 8. HP: 33/60 MP: 8/8
  7758 | D:6      | Reached skill level 8 in Long Blades
  7758 | D:6      | Reached skill level 5 in Armour
  8356 | D:7      | Noticed a hornet
  8362 | D:7      | Killed a hornet
  8363 | D:7      | Reached XP level 9. HP: 25/67 MP: 9/9
  8365 | D:7      | Reached skill level 9 in Long Blades
  8739 | D:7      | Identified the +8 hand axe of Cowardice {elec, rPois}
  8768 | D:7      | Found a sand-covered staircase.
  8773 | Ossuary  | Entered an ossuary
  9408 | D:7      | Found a staircase to the Ecumenical Temple.
  9414 | Temple   | Entered the Ecumenical Temple
  9547 | D:7      | Reached skill level 5 in Fighting
  9617 | D:7      | Noticed Joseph
  9641 | D:7      | Killed Joseph
  9642 | D:7      | Reached skill level 10 in Long Blades
  9642 | D:7      | Reached skill level 1 in Dodging
 10323 | D:8      | Noticed Erica
 10354 | D:8      | Killed Erica
 10355 | D:8      | Gained mutation: You are mostly covered in yellow scales.
                  | (AC +3) [demonic ancestry]
 10355 | D:8      | Reached XP level 10. HP: 15/74 MP: 10/10
 11187 | D:8      | Noticed Maurice
 11197 | D:8      | Killed Maurice
 11595 | D:8      | Identified a scroll of acquirement
 11595 | D:8      | Acquired 653 gold pieces
 11608 | D:9      | Identified the +1 chain mail "Xuifot" {rN++ MP+9 Str-3
                  | Stlth+}
 12073 | D:9      | Reached skill level 11 in Long Blades
 12631 | D:9      | Found a sacrificial altar of Ru.
 12645 | D:10     | Entered Level 10 of the Dungeon
 12845 | D:10     | Found a broken altar of Ashenzari.
 12846 | D:10     | Found a basalt altar of Yredelemnul.
 12848 | D:10     | Found a bloodstained altar of Trog.
 12949 | D:10     | Found a runed translucent door.
 12952 | D:10     | Noticed GloriousHammer's ghost (novice FeSu)
 12953 | D:10     | Identified the +7 trident of Jeng {pain, Drain rF+++ rC+++
                  | Stlth+}
 13237 | D:10     | Noticed Snorg
 13264 | D:10     | Killed Snorg
 13265 | D:10     | Reached skill level 5 in Shields
 13564 | D:10     | Found a stormy altar of Qazlal.
 13589 | D:10     | Reached skill level 12 in Long Blades
 13589 | D:10     | Gained mutation: You have a pair of horns on your head.
                  | [demonic ancestry]
 13589 | D:10     | Reached XP level 11. HP: 66/81 MP: 11/11
 13666 | D:10     | Noticed a two-headed ogre
 13671 | D:10     | Killed a two-headed ogre
 13771 | D:10     | Noticed a purple ugly thing
 13771 | D:10     | Noticed an ogre mage
 13789 | D:10     | Killed a purple ugly thing
 13796 | D:10     | Paralysed by something for 2 turns
 13799 | D:10     | Killed an ogre mage
 14019 | D:10     | Found Enewk's Magic Scroll Shoppe.
 14028 | D:10     | Bought a scroll of enchant weapon for 90 gold pieces
 14219 | D:10     | Killed GloriousHammer's ghost
 14547 | D:9      | Reached skill level 1 in Evocations
 14921 | D:11     | Noticed a two-headed ogre
 14929 | D:11     | Killed a two-headed ogre
 14930 | D:11     | Reached skill level 1 in Stealth
 15070 | D:11     | Found a staircase to the Lair.
 15072 | D:11     | Noticed a death yak
 15072 | D:11     | Noticed a death yak
 15073 | D:11     | Noticed a death yak
 15084 | D:11     | Killed a death yak
 15106 | D:11     | Killed a death yak
 15114 | D:11     | Killed a death yak
 15115 | D:11     | Reached skill level 13 in Long Blades
 15756 | D:11     | Gained mutation: You are powered by pain. [demonic
                  | ancestry]
 15756 | D:11     | Reached XP level 12. HP: 67/91 MP: 12/12
 15968 | D:11     | Identified the +7 falchion of Ybbaugh {vamp, rElec Dex+2}
 16352 | Lair:1   | Entered Level 1 of the Lair of Beasts
 16443 | Lair:1   | Noticed a boulder beetle
 16470 | Lair:1   | Killed a boulder beetle
 17310 | Lair:1   | Reached skill level 14 in Long Blades
 18220 | Lair:2   | Found an opulent altar of Gozag.
 18417 | Lair:2   | Identified the +3 robe of Hyqooj {Will+ Regen+ Int+2}
 18544 | Lair:2   | Reached skill level 10 in Armour
 18557 | Lair:2   | Identified the +0 robe of Happy Babbling {rC- Str+8 SInv}
 18563 | Lair:2   | Identified the +4 quarterstaff of Optimality {pain, Fly
                  | rElec rF-}
 18780 | Lair:2   | Found a staircase to the Shoals.
 19874 | Lair:3   | Got Batin's Incantation, Part One
 19903 | Lair:3   | Gained mutation: You are completely covered in yellow
                  | scales. (AC +4, rCorr) [demonic ancestry]
 19903 | Lair:3   | Reached XP level 13. HP: 100/100 MP: 13/13
 20009 | Lair:3   | Found a hole to the Spider Nest.
 20232 | Lair:3   | Acquired the +8 double sword of Qadosorono {protect, Fly
                  | SInv}
 20423 | Lair:4   | Found a staircase to the Slime Pits.
 20428 | Slime:1  | Entered Level 1 of the Pits of Slime
 20428 | Slime:1  | Noticed a rockslime
 21088 | Lair:4   | Reached skill level 15 in Long Blades
 22082 | Lair:4   | HP: 3/102 [seven-headed hydra (7)]
 23178 | Lair:5   | Entered Level 5 of the Lair of Beasts
 23509 | Lair:5   | Noticed Nessos
 23524 | Lair:5   | HP: 3/103 [Nessos/arrow (6)]
 23524 | Lair:5   | Shot with an arrow by Nessos

Illustrated notes

Levels and vault maps discovered:
D:1:      minmay_arrival_glassed_features, layout_loops_cross,
          hellmonk_ecumenical_altar_crossroads, serial_aquarium,
          aquarium_bridge_square [aquarium_subvault_window,
          aquarium_subvault_wall, aquarium_subvault_wall,
          aquarium_subvault_bridge], aquarium_bridge_island_small
          [aquarium_subvault_small_open, aquarium_subvault_bridge,
          aquarium_subvault_balcony, aquarium_subvault_balcony,
          aquarium_subvault_balcony], aquarium_window_corridor_1,
          aquarium_window_fake, aquarium_window_fake, aquarium_view_2d,
          aquarium_view_2a, aquarium_pool_2, serial_shops,
          nicolae_shop_hallway_plus, nicolae_shop_hallway_stairs,
          nicolae_shop_behind_doors, nicolae_square_shop,
          nicolae_shop_hallway_stairs, skrybe_limestone_x
D:2:      layout_loops_ring, nrook_loot_triangle
D:3:      layout_basic
D:4:      layout_basic, kennysheep_mini_moat, gammafunk_temple_overflow_statue,
          fedhas_altar_1
D:5:      layout_layer_cave, grunt_qazlal_sundering,
          mainiacjoe_overflow_tiny_flanked, supply_closet_lemuel,
          minmay_stone_trees_medium, uniq_edmund
D:6:      layout_loops_cross, kennysheep_generic_room_12
D:7:      layout_rooms, minmay_temple_entry_enclosed_plants, enter_ossuary_2,
          uniq_joseph
D:8:      layout_cave_pods, minmay_liquid_box, serial_bayou_pond_c,
          uniq_maurice, uniq_erica
D:9:      layout_gridville, nicolae_ru_path_of_blood, zin_statuary
D:10:     minmay_the_grid_octo_triangle [minmay_the_grid_octo_shrine,
          minmay_the_grid_octo_prize_single_spiral,
          minmay_the_grid_octo_vomiting_pacman], layout_cave_pods,
          ebering_ghost_funeral_grove, serial_shops, shop, minmay_hedge_maze,
          uniq_snorg
D:11:     layout_loops_ring, dpeg_lair_monsters, minmay_misc_feat_x
Temple:   jpeg_temple_clearing
Lair:1:   layout_regular_city
Lair:2:   layout_layer_cave, elwin_shoals_entry_rocks, basic_altar
Lair:3:   layout_hall_layers, nicolae_spider_entry_orb_guardian
Lair:4:   layout_layer_cave, nicolae_slime_entry_slimehenge, grunt_megastairs_4,
          lemuel_fruit_tree, serial_bayou_shore_a, serial_bayou_shore_b
Lair:5:   evilmike_catoblepas_cave, layout_gridlike, uniq_nessos, uniq_rupert
Slime:1:  layout_caves

Skill      XL: |  1  2  3  4  5  6  7  8  9 10 11 12 13 |
---------------+----------------------------------------+-----
Long Blades    | 2 3 5 7 8 10 12 13 14 15 | 15.2
Armour         | 3 4 5 6 8 9 10 11 | 11.2
Shields        | 3 4 5 6 7 |  7.1
Fighting       | 4 5 6 7 8 9 |  9.9
Dodging        | 1 |  1.7
Evocations     | 1 |  1.4
Stealth        | 1 |  1.6

Action                   |  1- 3 |  4- 6 |  7- 9 | 10-12 | 13-15 || total
-------------------------+-------+-------+-------+-------+-------++-------
Melee: Long sword        |   146 |   135 |   440 |       |       ||   721
       Headbutt          |       |     5 |   106 |   142 |    53 ||   306
       Scimitar          |       |       |       |   563 |   202 ||   765
Throw: Throwing net      |       |       |       |     1 |       ||     1
Evoke: Wand              |       |       |       |    11 |       ||    11
  Use: Scroll            |     2 |     5 |    11 |     7 |    13 ||    38
       Potion            |       |     1 |     8 |     8 |     2 ||    19
 Stab: Distracted        |       |       |     1 |       |       ||     1
Armor: Scale mail        |    51 |       |       |       |       ||    51
       Plate armour      |    22 |    86 |   259 |   350 |   182 ||   899
Dodge: Dodged            |    49 |    27 |    87 |   126 |    84 ||   373
Block: Buckler           |    40 |    22 |    85 |   162 |    86 ||   395
